 Dungeon Crawl Stone Soup version 0.28-a0-1356-g2ad6d04315 (webtiles) character file.

Game seed: 8752878505656299481

518 Vash the Insei (level 7, -1/78 HPs)
             Began as a Gnoll Transmuter on Dec 31, 2021.
             Slain by a water moccasin (6 damage)
             ... on level 5 of the Dungeon.
             The game lasted 00:08:24 (5229 turns).

Vash the Insei (Gnoll Transmuter)                   Turns: 5229, Time: 00:08:24

Health: -1/78      AC: 27    Str: 11    XL:     7   Next: 21%
Magic:  14/15      EV:  2    Int: 13    God:
Gold:   65         SH:  0    Dex: 12    Spells: 13/17 levels left

rFire   . . .      SeeInvis .     - Unarmed
rCold   . . .      Faith    .   (no shield)
rNeg    . . .      Spirit   .   (armour currently unavailable)
rPois   +          Reflect  .   (helmet currently unavailable)
rElec   .          Harm     .   (cloak currently unavailable)
rCorr   .          Rampage  .   (gloves currently unavailable)
Will    .....      NoTele   +   (boots currently unavailable)
Stlth   ++........              (no amulet)
HPRegen 0.23/turn               b - +4 ring of protection
MPRegen 0.14/turn               (no ring)

@: lethally poisoned (-1 -> -3), tree-form
A: stationary, stasis, torment immunity, boosted hp, (fangs 1), strong nose,
distributed training
a: no special abilities


You were on level 5 of the Dungeon.
You were a tree.
You visited 1 branch of the dungeon, and saw 5 of its levels.

You collected 184 gold pieces.
You spent 119 gold pieces at shops.

Inventory:

Armour
 i - the +2 robe "Acwirueri" (melded) {+Blink +Inv rC+}
   (You bought it in a shop on level 3 of the Dungeon)

   rC:        It protects you from cold.
   +Inv:      It lets you turn invisible.
   +Blink:    It lets you blink.
 j - a +0 pair of boots (melded)
Jewellery
 b - a +4 ring of protection (left branch)
Scrolls
 c - 3 scrolls of identify
 d - a scroll of fog {unknown}
 g - a scroll of brand weapon {unknown}
 k - a scroll of blinking {unknown}
 l - a scroll of immolation {unknown}
Potions
 f - a potion of flight


   Skills:
 + Level 3.5 Fighting
 + Level 2.3 Short Blades
 + Level 2.3 Long Blades
 + Level 2.3 Axes
 + Level 2.3 Maces & Flails
 + Level 2.3 Polearms
 + Level 2.3 Staves
 + Level 2.3 Slings
 + Level 2.3 Bows
 + Level 2.3 Crossbows
 + Level 2.3 Throwing
 + Level 2.3 Armour
 + Level 5.2 Dodging
 + Level 2.3 Stealth
 + Level 2.3 Shields
 + Level 7.0 Unarmed Combat
 + Level 5.5 Spellcasting
 + Level 1.9 Conjurations
 + Level 1.9 Hexes
 + Level 1.9 Summonings
 + Level 1.9 Necromancy
 + Level 1.9 Translocations
 + Level 4.2 Transmutations
 + Level 1.9 Fire Magic
 + Level 1.9 Ice Magic
 + Level 1.9 Air Magic
 + Level 1.9 Earth Magic
 + Level 1.9 Poison Magic
 + Level 2.6 Invocations
 + Level 2.3 Evocations


You had 13 spell levels left.
You knew the following spells:

 Your Spells              Type           Power      Damage    Failure   Level
a - Beastly Appendage     Tmut           28%        N/A       3%          1
b - Spider Form           Tmut/Pois      11%        N/A       14%         3

Your spell library contained the following spells:

 Spells                   Type           Power      Damage    Failure   Level
 Wereblood                Tmut           14%        N/A       4%          2
 Ice Form                 Ice/Tmut       11%        N/A       43%         4
 Animate Dead             Necr           4%         N/A       63%         4
 Borgnjor's Vile Clutch   Necr/Erth      4%         N/A       92%         5
 Death Channel            Necr           4%         N/A       100%        6


Dungeon Overview and Level Annotations

Branches:
Dungeon (5/15)
 Temple: D:4-7

Altars:
Nemelex Xobeh
Ru
Vehumet

Shops:
D:3 [

Annotations:
D:2 1 runed translucent door, Crazy Yiuf


Innate Abilities, Weirdness & Mutations

You are a tree.
Your roots penetrate the ground, keeping you stationary.
You cannot be teleported.
You are immune to unholy pain and torment.
Your maximum health is greatly increased.
Your equipment is partially melded.
((You have very sharp teeth.))
Your uncanny sense of smell can sniff out nearby items.
Your experience applies equally to all skills.


Message History

* * * LOW HITPOINT WARNING * * *
Really quaff the potion of lignification?
You turn into a tree.
Your +0 pair of boots melds into your body.
The +2 robe "Acwirueri" {+Blink +Inv rC+} melds into your body.
Your roots penetrate the ground.
You feel strangely stable.
You feel sick.
The water moccasin bites you but does no damage.
The centaur skeleton hits you but does no damage.
The centaur skeleton barely misses you.
The water moccasin bites you but does no damage.
Unknown command.
You smack the water moccasin!
The water moccasin is heavily wounded.
You feel sick.
The centaur skeleton hits you but does no damage.
The centaur skeleton kicks you but does no damage.
The water moccasin bites you but does no damage.
The centaur skeleton hits you but does no damage.
The centaur skeleton kicks you but does no damage.
Casting: Spider Form (dangerous; 14% risk of failure)
Confirm with . or Enter, or press ? or * to list all spells.
You are stuck in your current form!
You closely miss the water moccasin.
The water moccasin is heavily wounded.
You feel sick.
The water moccasin bites you but does no damage.
The centaur skeleton hits you.
* * * LOW HITPOINT WARNING * * *
The centaur skeleton kicks you but does no damage.
You hit the water moccasin.
The water moccasin is heavily wounded.
You feel sick.
The water moccasin bites you but does no damage.
The centaur skeleton hits you but does no damage.
The centaur skeleton kicks you but does no damage.
Unknown command.
You hit the water moccasin.
The water moccasin is severely wounded.
You feel sick. The water moccasin bites you.
You die...

.>.. ... .....##..
......#.. ...#....# #.
Y.....#.### #. .........#
+..#. .... #.....## #....
#...####..SZ#.## ..##
#........♣....#∆ #..
#..##....?..## #..
#...##.....## #####..
##..#.....##### ##..##..
####..........##.# #.......
........[.##.##..###.......
..........####.........##..
$......)...##...##..##..##(
.......#[......)##..#....#.


You could see a water moccasin and a centaur skeleton.

Vanquished Creatures
  2 ogres
  A phantom (D:5)
  A water moccasin zombie (D:5)
  An orc priest (D:4)
  Jessica (D:2)
  An orc wizard (D:3)
  3 adders (D:2)
  2 worms (D:2)
  2 dart slugs (D:1)
  5 orcs
  10 endoplasms
  7 giant cockroaches
  7 goblins
  7 hobgoblins
  3 jackals (D:2)
  13 kobolds
  4 quokkas
  5 ball pythons
  7 bats
  2 frilled lizards (D:2)
  4 rats
88 creatures vanquished.

Vanquished Creatures (others)
  5 fungi (D:2)
  3 plants (D:2)
8 creatures vanquished.

Grand Total: 96 creatures vanquished

Notes
Turn   | Place    | Note
-------+----------+-------------------------------------------
     0 | D:1      | Vash the Gnoll Transmuter began the quest for the Orb.
     0 | D:1      | Reached XP level 1. HP: 17/17 MP: 6/6
   247 | D:1      | Reached XP level 2. HP: 23/23 MP: 7/7
   663 | D:1      | Reached XP level 3. HP: 24/28 MP: 7/9
   672 | D:1      | Reached skill level 5 in Spellcasting
  1095 | D:1      | Reached skill level 1 in Invocations
  1500 | D:2      | Reached skill level 1 in Short Blades
  1500 | D:2      | Reached skill level 1 in Long Blades
  1500 | D:2      | Reached skill level 1 in Axes
  1500 | D:2      | Reached skill level 1 in Maces & Flails
  1500 | D:2      | Reached skill level 1 in Polearms
  1500 | D:2      | Reached skill level 1 in Staves
  1500 | D:2      | Reached skill level 1 in Slings
  1500 | D:2      | Reached skill level 1 in Bows
  1500 | D:2      | Reached skill level 1 in Crossbows
  1500 | D:2      | Reached skill level 1 in Throwing
  1500 | D:2      | Reached skill level 1 in Armour
  1500 | D:2      | Reached skill level 1 in Stealth
  1500 | D:2      | Reached skill level 1 in Shields
  1500 | D:2      | Reached skill level 1 in Evocations
  1504 | D:2      | Reached XP level 4. HP: 11/34 MP: 11/11
  1841 | D:2      | Found a faded altar of an unknown god.
  2315 | D:2      | Noticed Jessica
  2322 | D:2      | Killed Jessica
  2323 | D:2      | Reached skill level 1 in Conjurations
  2323 | D:2      | Reached skill level 1 in Hexes
  2323 | D:2      | Reached skill level 1 in Summonings
  2323 | D:2      | Reached skill level 1 in Necromancy
  2323 | D:2      | Reached skill level 1 in Translocations
  2323 | D:2      | Reached skill level 1 in Fire Magic
  2323 | D:2      | Reached skill level 1 in Ice Magic
  2323 | D:2      | Reached skill level 1 in Air Magic
  2323 | D:2      | Reached skill level 1 in Earth Magic
  2323 | D:2      | Reached skill level 1 in Poison Magic
  2592 | D:2      | Reached XP level 5. HP: 40/40 MP: 12/12
  3182 | D:2      | Found a runed translucent door.
  3183 | D:2      | Noticed Crazy Yiuf
  3519 | D:3      | Learned a level 3 spell: Spider Form
  3637 | D:3      | Found Pumadeaj's Antique Armour Shop.
  3654 | D:3      | Bought a twisted robe for 119 gold pieces
  3654 | D:3      | Identified the +2 robe "Acwirueri" {+Blink +Inv rC+} (You
                  | bought it in a shop on level 3 of the Dungeon)
  4302 | D:4      | Noticed an ogre
  4331 | D:4      | Killed an ogre
  4332 | D:4      | Reached XP level 6. HP: 47/47 MP: 9/13
  4709 | D:4      | Found a sparkling altar of Nemelex Xobeh.
  4714 | D:4      | Found a sacrificial altar of Ru.
  4714 | D:4      | Found a radiant altar of Vehumet.
  4816 | D:4      | Reached skill level 5 in Dodging
  4826 | D:4      | Noticed a water moccasin
  5023 | D:5      | Entered Level 5 of the Dungeon
  5158 | D:5      | Reached XP level 7. HP: 51/52 MP: 12/15
  5201 | D:5      | Reached skill level 7 in Unarmed Combat
  5229 | D:5      | Slain by a water moccasin

Illustrated notes

Levels and vault maps discovered:
D:1:      nzn_arrival_crosshair, layout_basic
D:2:      layout_basic, dreamdust_ecumenical_altar_grove,
          kennysheep_nondescript, minmay_surrounded, uniq_crazy_yiuf_cottage,
          uniq_jessica
D:3:      layout_loops_cross, serial_shops, nicolae_diamond_shop,
          minmay_misc_feat_cross, nicolae_figureground_sparkle
D:4:      layout_basic, grunt_temple_overflow_open, serial_shops,
          nicolae_shop_stone
D:5:      layout_cave_pools, chequers_temple_overflow_minitemple,
          gup_sewer_entry_bowl

Skill      XL: |  1  2  3  4  5  6  7 |
---------------+----------------------+-----
Spellcasting   | 5 |  5.5
Invocations    | 1 2 |  2.6
Short Blades   | 1 2 |  2.3
Long Blades    | 1 2 |  2.3
Axes           | 1 2 |  2.3
Maces & Flails | 1 2 |  2.3
Polearms       | 1 2 |  2.3
Staves         | 1 2 |  2.3
Slings         | 1 2 |  2.3
Bows           | 1 2 |  2.3
Crossbows      | 1 2 |  2.3
Throwing       | 1 2 |  2.3
Armour         | 1 2 |  2.3
Stealth        | 1 2 |  2.3
Shields        | 1 2 |  2.3
Evocations     | 1 2 |  2.3
Conjurations   | 1 |  1.9
Hexes          | 1 |  1.9
Summonings     | 1 |  1.9
Necromancy     | 1 |  1.9
Translocations | 1 |  1.9
Fire Magic     | 1 |  1.9
Ice Magic      | 1 |  1.9
Air Magic      | 1 |  1.9
Earth Magic    | 1 |  1.9
Poison Magic   | 1 |  1.9
Fighting       | 3 |  3.5
Transmutations | 4 |  4.2
Dodging        | 5 |  5.2
Unarmed Combat | 7 |  7.0

Action                   |  1- 3 |  4- 6 |  7- 9 || total
-------------------------+-------+-------+-------++-------
Melee: Unarmed           |    99 |   147 |    16 ||   262
       Kick              |     6 |    16 |       ||    22
       Headbutt          |     4 |     4 |       ||     8
       Bite              |     5 |     8 |       ||    13
       Punch             |     1 |     1 |       ||     2
 Cast: Beastly Appendage |     6 |    11 |       ||    17
       Spider Form       |       |     5 |     2 ||     7
  Use: Scroll            |     1 |     3 |     1 ||     5
       Potion            |       |       |     2 ||     2
 Stab: Sleeping          |     3 |     5 |     1 ||     9
Armor: Robe              |    20 |    24 |     2 ||    46
       Skin              |       |       |    19 ||    19
Dodge: Dodged            |    53 |    88 |    29 ||   170

Table legend: (Time is in decaauts)
 A = Elapsed time spent in this place.
 B = Non-inter-level travel time spent in this place.
 C = Inter-level travel time spent in this place.
 D = Time resting spent in this place.
 E = Time spent auto-exploring this place.
 F = Levels seen in this place.
 G = Mean time per level.
                   A        B        C        D        E       F      G
               +--------+--------+--------+--------+--------+-----+--------+
         Total |   5197 |   5147 |     50 |   1860 |   2473 |   5 | 1039.4 |
       Dungeon |   5197 |   5147 |     50 |   1860 |   2473 |   5 | 1039.4 |
               +--------+--------+--------+--------+--------+-----+--------+

Top non-repeatable levels by time:
     D:2: 1878 daAuts
     D:1: 1446 daAuts
     D:3: 972 daAuts
     D:4: 698 daAuts
     D:5: 201 daAuts
